AoeStats
← Peaceful Dota Player

Glade

510640577Analyzed
1v1 RM · 18h ago on Oct 1, 2026· 39m 5s· 2 players
Game mode
Random Map
Map size
Tiny (2 player)
Population
200
Speed
Normal
Resources
Standard
Victory
Conquest
Starting age
Dark Age
Ending age
Imperial Age
RankedLock teamsTeams togetherTeam positionsShared explorationLock speedFull tech treeHidden civsTurbo modeCheats
Victory
Defeat
🇺🇸 Danes · United States
888
+17
🇮🇳 Slavs · India
910
-17
Murd3rfce
4:48 Loom
11:45 Feudal Age
11:46 Man-at-Arms
12:57 Double-Bit Axe
13:25 Horse Collar
15:13 Wheelbarrow
17:33 Stone Mining
21:29 Castle Age
21:57 Fletching
22:18 Forging
22:13 Scale Barding Armor
22:11 Scale Mail Armor
22:13 Padded Archer Armor
23:47 Bow Saw
23:40 Heavy Plow
23:25 Elite Skirmisher
23:29 Long Swordsman
25:16 Bodkin Arrow
30:27 Gambesons
30:43 Squires
41:30 Imperial Age
39:02 Hamask
Peaceful Dota Player
7:04 Loom
9:48 Feudal Age
10:19 Double-Bit Axe
13:52 Horse Collar
16:00 Fletching
20:20 Castle Age
18:58 Bloodlines
18:43 Stone Mining
19:20 Gold Mining
19:41 Padded Archer Armor
20:13 Forging
21:23 Bow Saw
21:15 Heavy Plow
23:44 Ballistics
27:20 Crossbowman
31:59 Imperial Age
29:17 Town Watch
30:22 Detinets
30:21 Murder Holes
31:20 Wheelbarrow
30:46 Town Patrol
34:38 Husbandry
38:05 Hand Cart
Connection lost

Rejoining the realm…

Still unreachable

The connection could not be restored.

Session expired

The server has moved on; the page needs a fresh start.